 Dungeon Crawl Stone Soup version 0.27-a0-385-g3208abaabc (webtiles) character file.

Game seed: 8438491220629601629

156 sahdkjhfkaj the Digger (level 5, 37/37 HPs)
             Began as a Formicid Earth Elementalist on Feb 18, 2021.
             Quit the game on level 3 of the Dungeon.
             The game lasted 00:05:16 (4256 turns).

sahdkjhfkaj the Digger (FoEE)                       Turns: 4256, Time: 00:05:16

Health: 37/37      AC:  3    Str: 12    XL:     5   Next: 65%
Magic:  2/8        EV: 12    Int: 16    God:
Gold:   176        SH:  0    Dex: 11    Spells: 4/8 levels left

rFire    . . .     SeeInvis +   a - +2 dagger (drain)
rCold    . . .     Faith    .   (no shield)
rNeg     . . .     Spirit   .   c - +0 robe
rPois    .         Reflect  .   (helmet unavailable)
rElec    .         Harm     .   (no cloak)
rCorr    .         Rampage  .   d - +0 pair of gloves
Will     .....                  (no boots)
Stlth    ++........             (no amulet)
HPRegen  0.12/turn              (no ring)
MPRegen  0.11/turn              (no ring)

@: no status effects
A: permanent stasis, dig shafts and tunnels, four strong arms, antennae 3
a: Dig, Shaft Self


You were on level 3 of the Dungeon.
You visited 1 branch of the dungeon, and saw 3 of its levels.

You collected 176 gold pieces.

Inventory:

Hand Weapons
 a - a +2 dagger of draining (weapon)
Missiles
 b - 125 stones
Armour
 c - a +0 robe (worn)
 d - a +0 pair of gloves (worn)
Wands
 e - a wand of iceblast (11) {@v4}
Scrolls
 g - a scroll of blinking {unknown}
 h - 2 scrolls of enchant weapon {unknown}
 j - a scroll of magic mapping {unknown}
 k - a scroll of amnesia {unknown}
 l - 4 scrolls of enchant armour {unknown}
 p - a scroll of fear {unknown}
 q - a scroll of teleportation {unknown}
 t - a scroll of random uselessness {unknown}
 u - a scroll of identify {@r1}
Potions
 f - 2 potions of mutation {unknown}
 i - a potion of haste {unknown}
 m - a potion of invisibility {unknown}
 n - a potion of attraction {unknown}
 o - a potion of resistance {unknown}
 r - 2 potions of flight
 s - a potion of heal wounds {unknown}


   Skills:
 - Level 1.0 Fighting
 - Level 3.0 Short Blades
 - Level 1.7 Dodging
 + Level 3.9 Stealth
 - Level 2.1 Spellcasting
 - Level 1.1 Transmutations
 - Level 5.0 Earth Magic


You had 4 spell levels left.
You knew the following spells:

 Your Spells              Type           Power        Failure   Level
a - Sandblast             Erth           34%          2%          1
q - Stone Arrow           Conj/Erth      18%          22%         3

Your spell library contained the following spells:

 Spells                   Type           Power        Failure   Level
 Passwall                 Tmut/Erth      9%           9%          2
 Petrify                  Tmut/Erth      11%          50%         4
 Lee's Rapid Deconstruct  Erth           8%           58%         5


Dungeon Overview and Level Annotations

Branches:
Dungeon (3/15)

Altars:


Innate Abilities, Weirdness & Mutations

You cannot be hasted, slowed, berserked, paralysed or teleported.
You can dig through walls and to a lower floor.
Your four strong arms can wield two-handed weapons with a shield.
You have a pair of large antennae on your head. (SInv)


Message History

Casting: Stone Arrow (quite dangerous; 22% risk of failure)
Confirm with . or Enter, or press ? or * to list all spells.
You don't have enough magic to cast this spell.
u - a scroll of identify {@r1} You now have 176 gold pieces (gained 4).
A frilled lizard comes into view.
A frilled lizard is nearby!
Casting: Stone Arrow (quite dangerous; 22% risk of failure)
Confirm with . or Enter, or press ? or * to list all spells.
The spell is quite dangerous to cast (22% risk of failure)!
Continue anyway?
Aiming: Stone Arrow (quite dangerous; 22% risk of failure)
Press: ? - help, Shift-Dir - straight line, f - frilled lizard
Aim: a frilled lizard (57% to evade)
The stone arrow misses the frilled lizard.
Casting: Stone Arrow (quite dangerous; 22% risk of failure)
Confirm with . or Enter, or press ? or * to list all spells.
The spell is quite dangerous to cast (22% risk of failure)!
Continue anyway?
Aiming: Stone Arrow (quite dangerous; 22% risk of failure)
Press: ? - help, Shift-Dir - straight line, f/p - frilled lizard
Aim: a frilled lizard (57% to evade)
The stone arrow misses the frilled lizard.
The frilled lizard hisses.
Casting: Stone Arrow (quite dangerous; 22% risk of failure)
Confirm with . or Enter, or press ? or * to list all spells.
You don't have enough magic to cast this spell.
A frilled lizard is nearby!
A frilled lizard is nearby!
A frilled lizard is nearby!
Casting: Stone Arrow (quite dangerous; 22% risk of failure)
Confirm with . or Enter, or press ? or * to list all spells.
You don't have enough magic to cast this spell.
Casting: Stone Arrow (quite dangerous; 22% risk of failure)
Confirm with . or Enter, or press ? or * to list all spells.
You don't have enough magic to cast this spell.
Casting: Stone Arrow (quite dangerous; 22% risk of failure)
Confirm with . or Enter, or press ? or * to list all spells.
You don't have enough magic to cast this spell.
A frilled lizard is nearby!
A frilled lizard is nearby!
Are you sure you want to abandon this character and quit the game? (Confirm with "yes".)

## .#.#.#..# #
...#...#..##
##..#.#.#.#.#.#..##
..#...#.♣.#...#..##
#.#.#.#.#.#.#.#..#
..#...#...#...#.###
#l#.#.#.#.#.#†.'.#
♣.#.♣.#.♣.#...'.#
#.#@#.#.#.#.#..'.#
#...#...#...#.#.#
#.#.#.#.#.#.#..#.###
#...#.♣.#...#..##....
..#.#.#.#.#.#..######.
##..#...# ..#..## #.
##..#.# .#..## #.
##..# ..## #. ##. # #.


You could see a frilled lizard.

Vanquished Creatures
  Terence (D:2)
  A worker ant (D:3)
  2 adders (D:2)
  An ooze (D:2)
  2 worms (D:3)
  4 dart slugs
  2 leopard geckos (D:3)
  10 orcs
  4 bats
  4 giant cockroaches
  6 goblins
  7 hobgoblins
  5 ball pythons
  5 frilled lizards
  3 kobolds
  3 rats
60 creatures vanquished.

Notes
Turn   | Place    | Note
-------+----------+-------------------------------------------
     0 | D:1      | sahdkjhfkaj the Formicid Earth Elementalist began the quest
                  | for the Orb.
     0 | D:1      | Reached XP level 1. HP: 13/13 MP: 3/3
    31 | D:1      | Reached skill level 1 in Fighting
   397 | D:1      | Reached skill level 4 in Earth Magic
   397 | D:1      | Reached XP level 2. HP: 21/21 MP: 0/5
   627 | D:1      | Reached skill level 1 in Short Blades
  1048 | D:2      | Reached XP level 3. HP: 26/26 MP: 3/6
  1173 | D:2      | Learned a level 3 spell: Stone Arrow
  1639 | D:2      | Noticed Terence
  1659 | D:2      | Killed Terence
  1660 | D:2      | Reached XP level 4. HP: 17/32 MP: 1/7
  2050 | D:2      | Reached skill level 5 in Earth Magic
  2802 | D:3      | Reached XP level 5. HP: 23/37 MP: 2/8
  3074 | D:3      | Found a glowing drain.
  4256 | D:3      | Quit the game

Illustrated notes

Levels and vault maps discovered:
D:1:      dpeg_arrival_chambers_temple_mockup, layout_rooms
D:2:      layout_basic, uniq_terence
D:3:      layout_loops_cross, minmay_overflow_temple_hex,
          cheibrodos_sewer_entry_drain, kennysheep_cluttered_room

Skill      XL: |  1  2  3  4  5 |
---------------+----------------+-----
Fighting       | 1 |  1.0
Earth Magic    | 4 5 |  5.0
Short Blades   | 1 2 3 |  3.0
Stealth        | 3 |  3.9
Dodging        | |  1.7
Spellcasting   | |  2.1
Transmutations | |  1.1

Action                   |  1- 3 |  4- 6 || total
-------------------------+-------+-------++-------
Melee: Unarmed           |    18 |       ||    18
       Dagger            |    21 |    40 ||    61
 Cast: Sandblast         |    28 |     3 ||    31
       Stone Arrow       |     8 |    29 ||    37
  Use: Scroll            |       |     2 ||     2
Armor: Robe              |     9 |     5 ||    14
Dodge: Dodged            |    26 |    36 ||    62

Table legend: (Time is in decaauts)
 A = Elapsed time spent in this place.
 B = Non-inter-level travel time spent in this place.
 C = Inter-level travel time spent in this place.
 D = Time resting spent in this place.
 E = Time spent auto-exploring this place.
 F = Levels seen in this place.
 G = Mean time per level.
                   A        B        C        D        E       F      G
               +--------+--------+--------+--------+--------+-----+--------+
         Total |   4251 |   4208 |     43 |     79 |   3745 |   3 | 1417.0 |
       Dungeon |   4251 |   4208 |     43 |     79 |   3745 |   3 | 1417.0 |
               +--------+--------+--------+--------+--------+-----+--------+

Top non-repeatable levels by time:
     D:2: 1889 daAuts
     D:3: 1360 daAuts
     D:1: 1001 daAuts
